 Dungeon Crawl Stone Soup version 0.32-a0-908-g8e5f33bbaa (webtiles) character file.

Game seed: 1672807001996467191

4309 blueford the Carver (level 10, -20/90 HPs)
             Began as a Minotaur Monk on Apr 6, 2024.
             Was an Elder of Qazlal.
             Demolished by a komodo dragon (28 damage)
             ... on level 8 of the Dungeon.
             The game lasted 01:13:51 (8268 turns).

blueford the Carver (Minotaur Monk)                 Turns: 8268, Time: 01:13:51

Health: -20/90     AC:  9    Str: 22    XL:     10   Next: 11%
Magic:  9/9        EV: 12    Int:  9    God:    Qazlal [****..]
Gold:   316        SH:  0    Dex: 15    Spells: 9/9 levels left

rFire   . . .        C - +2 triple sword (drain)
rCold   . . .        (shield currently unavailable)
rNeg    . . .        G - +0 swamp dragon scales
rPois   +            (helmet restricted)
rElec   .            (no cloak)
rCorr   .            (no gloves)
SInv    .            (no boots)
Will    .....        l - amulet of the acrobat Stlth
                     m - +6 ring of strength
HPRegen 0.35/turn    v - +4 ring of slaying
MPRegen 0.11/turn

%: repel missiles, acrobat
@: confused, ambrosia-drunk, hasted, very quick
A: horns 2, retaliatory headbutt
a: Renounce Religion, Upheaval, Elemental Force


You were on level 8 of the Dungeon.
You worshipped Qazlal.
Qazlal was greatly pleased with you.
You visited 2 branches of the dungeon, and saw 9 of its levels.
You also visited: Ossuary.

You collected 316 gold pieces.

Inventory:

Hand Weapons
 C - a +2 triple sword of draining (weapon)
Missiles
 k - 20 stones (quivered)
Armour
 d - an orb of light
 G - +0 swamp dragon scales (worn)
Jewellery
 b - a ring of positive energy
 h - a ring of wizardry
 l - an amulet of the acrobat (around neck)
 m - a +6 ring of strength (left hand)
 t - an amulet of regeneration
 v - a +4 ring of slaying (right hand)
 D - an amulet of magic regeneration
Talismans
 o - a dragon-blood talisman
Wands
 q - a wand of mindburst (18)
 F - a wand of charming (13)
Scrolls
 e - 4 scrolls of teleportation
 s - 3 scrolls of noise
 x - a scroll of brand weapon {unknown}
 A - a scroll of fear
 E - a scroll of enchant weapon {unknown}
Potions
 a - a potion of resistance {unknown}
 c - a potion of ambrosia
 f - a potion of magic
 g - a potion of brilliance {unknown}
 n - 2 potions of degeneration
 p - a potion of mutation
 r - a potion of enlightenment
 w - a potion of berserk rage {unknown}


   Skills:
 + Level 8.5 Fighting
 + Level 12.2 Long Blades
 + Level 0.6 Throwing
 + Level 8.4 Armour
 + Level 5.3 Dodging
 + Level 2.5 Stealth
 + Level 1.4 Shields
 + Level 0.1 Evocations


You had 9 spell levels left.
You didn't know any spells.
Your spell library contained the following spells:

 Spells                   Type           Power      Damage    Failure   Level
 Cigotuvi's Dreadful Rot  Necr/Alch/Air  0%         N/A       65%         2
 Volatile Blastmotes      Fire/Tloc      0%         2d10      87%         3
 Fulminant Prism          Conj/Alch      0%         3d5       99%         4
 Ignite Poison            Fire/Alch      0%         N/A       99%         4
 Iskenderun's Mystic Bla Conj/Tloc 0%             2d3        (+2d1     99%         4
 Freezing Cloud           Conj/Ice/Air   0%         6-21      100%        5


Dungeon Overview and Level Annotations

Branches:
Dungeon (8/15)             Temple (1/1) D:5            Lair (0/5) D:8
Ossuary (visited)

Altars:
Ashenzari
Cheibriados
Dithmenos
Elyvilon
Fedhas
Gozag
Hepliaklqana
Kikubaaqudgha
Makhleb
Nemelex Xobeh
Okawaru
Qazlal
Ru
Sif Muna
Trog
Uskayaw
Vehumet
Wu Jian
Xom
Yredelemnul
The Shining One
Beogh

Shops:
D:1 =   D:3 *


Innate Abilities, Weirdness & Mutations

You have a pair of horns on your head.
You reflexively headbutt those who attack you in melee.


Message History

You drop a +0 giant spiked club.
You drop a staff of air.
You drop a +0 chain mail.
You see here a +0 club.
Things that are here:
a +0 club; a +0 robe
Items here: )) [[ ÷.
You see here a +0 halberd.
You see here a +0 spear.
a - a ruby potion
Found a book of Lightning.
You hear an angry hiss.
You open the door.
A komodo dragon comes into view.
The komodo dragon hisses angrily.
Found 9 gold pieces.
Found a staircase to the Lair.
You barely miss the komodo dragon. Your headbutt misses the komodo dragon.
The komodo dragon hisses menacingly.
You block the komodo dragon's attack. The komodo dragon bites you!!
You barely miss the komodo dragon. You headbutt the komodo dragon.
The komodo dragon is lightly wounded.
The komodo dragon bites you!!
You slash the komodo dragon!
The komodo dragon is moderately wounded.
You block the komodo dragon's attack.
You closely miss the komodo dragon. You headbutt the komodo dragon!
The komodo dragon is heavily wounded.
The komodo dragon bites you!!
* * * LOW HITPOINT WARNING * * *
You are confused.
You feel invigorated.
The komodo dragon hisses menacingly.
The komodo dragon bites you!!
* * * LOW HITPOINT WARNING * * *
You are too confused!
You feel yourself speed up.
The komodo dragon is engulfed in blazing flames.
The komodo dragon hisses menacingly.
The komodo dragon bites you!!
You die...

#.........P....P...
##............P.P...
##...........P...P.P #
.#))........P.P.P.PP .#
<##)#####.PP.P####. P.#
.)..##........#>.# P...
÷))..)[...PP..#$.# ..P..
###.........P.##l#..P.P#
.##......P......@P○P...#
.##.........P...P.....##
.##........P.P.°§P....#
###.........P.P......##
# #........##...P..###
#.............####
###########


You could see a komodo dragon.

Vanquished Creatures
  A two-headed ogre (D:8)
  An elephant (D:8)
  Maggie (D:7)
  A troll (D:7)
  Prince Ribbit (D:8)
  A yak (D:8)
  3 water moccasins
  An orc warrior (D:8)
  2 sky beasts (D:6)
  2 black bears (D:8)
  3 ogres
  2 centaurs
  4 phantoms
  A bullfrog (D:8)
  2 scorpions (D:4)
  A wight (D:8)
  A howler monkey (D:8)
  A bombardier beetle (D:4)
  3 hounds
  A jelly (D:4)
  2 gnoll boudas
  3 orc priests
  A sleepcap (D:5)
  2 iguanas
  4 orc wizards
  A mummy (Ossuary)
  12 gnolls
  6 adders
  5 white imps (D:6)
  2 ufetubi (D:6)
  3 ribbon worms
  2 dart slugs
  20 orcs
  3 endoplasms
  7 giant cockroaches
  2 goblins
  3 hobgoblins
  7 jackals
  6 kobolds
  5 quokkas
  6 ball pythons
  5 bats
  3 frilled lizards
  7 rats
150 creatures vanquished.

Notes
Turn   | Place    | Note
-------+----------+-------------------------------------------
     0 | D:1      | blueford the Minotaur Monk began the quest for the Orb.
     0 | D:1      | Reached XP level 1. HP: 19/19 MP: 0/0
   245 | D:1      | Reached skill level 4 in Long Blades
   455 | D:1      | Reached XP level 2. HP: 27/27 MP: 1/1
   918 | D:1      | Found Loump's Jewellery Shoppe.
  1347 | D:2      | Found an ancient bone altar of Kikubaaqudgha.
  1513 | D:2      | Reached XP level 3. HP: 23/33 MP: 2/2
  1888 | D:2      | Reached skill level 5 in Long Blades
  2157 | D:3      | Noticed a phantom
  2271 | D:3      | Found Petoc's General Store.
  2295 | D:3      | Found a roughly hewn altar of Beogh.
  2302 | D:3      | Reached XP level 4. HP: 40/40 MP: 3/3
  2341 | D:3      | Found a faded altar of an unknown god.
  2346 | D:3      | Prayed at the altar of an unknown god.
  2346 | D:3      | Became a worshipper of Qazlal Stormbringer
  2346 | D:3      | Reached * piety under Qazlal
  2346 | D:3      | Reached ** piety under Qazlal
  2663 | D:3      | Reached *** piety under Qazlal
  2681 | D:3      | Found a bloodstained altar of Trog.
  2752 | D:3      | Killed a phantom
  2753 | D:3      | Reached skill level 6 in Long Blades
  2753 | D:3      | Reached XP level 5. HP: 47/47 MP: 4/4
  2844 | D:3      | Reached skill level 1 in Armour
  3555 | D:4      | Reached XP level 6. HP: 55/55 MP: 5/5
  4119 | D:4      | Reached skill level 1 in Stealth
  4127 | D:4      | Reached skill level 5 in Fighting
  4127 | D:4      | Reached skill level 7 in Long Blades
  4374 | D:4      | Reached XP level 7. HP: 61/61 MP: 6/6
  4597 | D:5      | Entered Level 5 of the Dungeon
  4681 | D:5      | Found a blossoming altar of Fedhas.
  4724 | D:5      | Found a staircase to the Ecumenical Temple.
  4768 | Temple   | Entered the Ecumenical Temple
  4864 | D:5      | Reached skill level 8 in Long Blades
  5005 | D:5      | Reached **** piety under Qazlal
  5204 | D:5      | Found a sand-covered staircase.
  5209 | Ossuary  | Entered an ossuary
  5493 | D:6      | Reached XP level 8. HP: 68/70 MP: 7/7
  5531 | D:6      | Reached skill level 9 in Long Blades
  5787 | D:6      | Reached skill level 5 in Armour
  5860 | D:6      | Found a glowing drain.
  5954 | D:6      | Found an iron altar of Okawaru.
  6464 | D:7      | Noticed Maggie
  6494 | D:7      | Killed Maggie
  6495 | D:7      | Reached skill level 10 in Long Blades
  6728 | D:7      | Reached XP level 9. HP: 78/79 MP: 8/8
  7112 | D:7      | Noticed a troll
  7130 | D:7      | Killed a troll
  7896 | D:7      | Identified a scroll of acquirement
  7896 | D:7      | Acquired a +2 triple sword of draining
  7921 | D:8      | Noticed Prince Ribbit
  7928 | D:8      | Reached skill level 11 in Long Blades
  7931 | D:8      | Killed Prince Ribbit
  7953 | D:8      | Reached skill level 5 in Dodging
  7957 | D:8      | Noticed an elephant
  7967 | D:8      | Killed an elephant
  7998 | D:8      | Noticed a two-headed ogre
  8017 | D:8      | Killed a two-headed ogre
  8018 | D:8      | Reached skill level 12 in Long Blades
  8018 | D:8      | Reached skill level 1 in Shields
  8018 | D:8      | Reached XP level 10. HP: 59/90 MP: 9/9
  8262 | D:8      | Found a staircase to the Lair.
  8267 | D:8      | HP: 2/90 [komodo dragon (25)]
  8268 | D:8      | Demolished by a komodo dragon

Illustrated notes

Levels and vault maps discovered:
D:1:      heliophobic_arrival_glass_houses, layout_basic, serial_shops, shop,
          minmay_stone_trees_small, serial_park_tiny_1
D:2:      layout_loops_cross, basic_altar, serial_rivers,
          chequers_serial_rivers_room_a, chequers_serial_rivers_micro_a,
          chequers_serial_rivers_micro_c, chequers_serial_rivers_marsh,
          nicolae_wormholes
D:3:      layout_loops_ring, mainiacjoe_overflow_six_doors_small,
          hellmonk_ecumenical_altar_defaced_shrine, serial_shops, shop,
          chequers_mini_garden
D:4:      layout_rooms
D:5:      layout_loops_ring, mainiacjoe_overflow_small_starburst,
          minmay_temple_entry_gardened_gates, enter_ossuary_2
D:6:      layout_gridville, mainiacjoe_overflow_paths, serial_demonic,
          serial_demonic_a, serial_demonic_d, serial_demonic_g,
          serial_demonic_f, portal_sewer_entry_f
D:7:      hellmonk_destroyed_diamonds, layout_gridville, nrook_campfire,
          uniq_maggie
D:8:      layout_rooms, grunt_lair_entry_orc_guard_hut, st_stairs_5,
          nicolae_custom_books, uniq_prince_ribbit1, uniq_erica
Temple:   dpeg_three_leaves_temple

Skill      XL: |  1  2  3  4  5  6  7  8  9 |
---------------+----------------------------+-----
Long Blades    | 4 5 6 7 8 10 12 | 12.2
Fighting       | 4 5 6 7 8 |  8.5
Armour         | 1 3 4 6 8 |  8.4
Stealth        | 1 2 |  2.5
Dodging        | 4 5 |  5.3
Shields        | 1 |  1.4
Throwing       | |  0.6
Evocations     | |  0.1

Action                     |  1- 3 |  4- 6 |  7- 9 | 10-12 || total
---------------------------+-------+-------+-------+-------++-------
  Melee: Falchion          |   147 |    71 |   161 |       ||   379
         Headbutt          |    41 |    14 |    49 |     2 ||   106
         Triple sword      |       |       |    33 |     4 ||    37
  Throw: Stone             |     5 |     5 |     2 |     1 ||    13
  Evoke: Wand              |       |       |     1 |       ||     1
    Use: Scroll            |     5 |     2 |     8 |       ||    15
         Potion            |       |       |     6 |     2 ||     8
 Armour: Robe              |    28 |       |       |       ||    28
         Leather armour    |     4 |     1 |       |       ||     5
         Ring mail         |       |    31 |     1 |       ||    32
         Chain mail        |       |       |    58 |       ||    58
         Swamp dragon scal |       |       |    50 |     5 ||    55
  Dodge: Dodged            |    37 |    35 |   100 |       ||   172
         Repelled          |       |       |     2 |       ||     2
  Block: Other             |       |       |    13 |     2 ||    15

Table legend: (Time is in decaauts)
 A = Elapsed time spent in this place.
 B = Non-inter-level travel time spent in this place.
 C = Inter-level travel time spent in this place.
 D = Time resting spent in this place.
 E = Time spent auto-exploring this place.
 F = Levels seen in this place.
 G = Mean time per level.
                   A        B        C        D        E       F      G
               +--------+--------+--------+--------+--------+-----+--------+
         Total |   8272 |   2556 |   5716 |   1101 |      0 |  10 |  827.2 |
       Dungeon |   8221 |   2537 |   5684 |   1101 |      0 |   8 | 1027.6 |
        Temple |     34 |      2 |     32 |      0 |      0 |   1 |   34.0 |
       Ossuary |     16 |     16 |      0 |      0 |      0 |   1 |   16.0 |
               +--------+--------+--------+--------+--------+-----+--------+

Top non-repeatable levels by time:
     D:7: 1463 daAuts
     D:3: 1382 daAuts
     D:1: 1260 daAuts
     D:4: 1004 daAuts
     D:6: 974 daAuts
     D:2: 965 daAuts
     D:5: 809 daAuts
     D:8: 361 daAuts
  Temple: 34 daAuts
 Ossuary: 16 daAuts
